cohdb
Replays
Latest Replays
All Replays
Popular Replays
Top Player Replays
Match Explorer
How It Works
Community
CoH3 Stats
Reddit
Sign in to upload your games and track your stats! →
Sign in with Steam
Match 46281649
Unlisted
Match 46281649
Overview
Messages
Build Orders
End
Scout Squad
Construct Weapon Support Center
Selects Special Operations Battlegroup
Selects M29 Weasel Recon Vehicle
M29 Weasel Recon Vehicle
M1919 Machine Gun Team
M1919 Machine Gun Team
Air Support Center
M3 Armored Personnel Carrier
P-47 Strafing Run
Engineer Squad
P-47 Strafing Run
Selects Raiding Flares
Sniper
Selects SSF Commando Squad
SSF Commando Squad
Construct Tank Depot
P-47 Strafing Run
SSF Commando Squad
M4A1 Sherman Medium Tank
Grasshopper Recon Run
P-47 Dive Bomb
Selects P-47 Anti-Infantry Loiter
Selects UNKNOWN (2162291)
M4A1 Sherman Whizbang
Grasshopper Recon Run
SSF Commando Squad
P-47 Strafing Run
M4A1 Sherman Whizbang
P-47 Dive Bomb
Engineer Squad
Grasshopper Recon Run
M18 Hellcat Tank Destroyer
Grasshopper Recon Run
P-47 Dive Bomb
SSF Commando Squad
M18 Hellcat Tank Destroyer
Grasshopper Recon Run
Stormless
Grunka Lunka
Doctor Guver
MaXiS
0
0
Comments
sign in to comment!
No comments posted yet!